 Dungeon Crawl Stone Soup version 0.30-a0-986-g7f2e898f52 (webtiles) character file.

Game seed: 4621265008749076369

480 ytrimaz the Chopper (level 7, -1/52 HPs)
             Began as a Formicid Fighter on Apr 2, 2023.
             Slain by a gnoll
             ... wielding a +0 flail
             ... led by a gnoll bouda
              (8 damage)
             ... on level 4 of the Dungeon.
             The game lasted 00:03:39 (3010 turns).

ytrimaz the Chopper (Formicid Fighter)              Turns: 3010, Time: 00:03:39

Health: -1/52      AC:  6    Str: 29    XL:     7   Next: 34%
Magic:  7/7        EV:  9    Int:  7    God:
Gold:   159        SH:  6    Dex: 13    Spells: 6/6 levels left

rFire   . . .      SeeInvis +    f - +0 hand axe (flame)
rCold   . . .      Faith    .    c - +1 buckler
rNeg    . . .      Spirit   .    b - +0 scale mail
rPois   .          Reflect  .    (helmet unavailable)
rElec   .          Rampage  .    (no cloak)
rCorr   .                        (no gloves)
Will    .....                    (no boots) Stlth
                                 (no amulet)
HPRegen 0.28/turn                l - +6 ring of strength
MPRegen 0.10/turn                (no ring)

@: mighty
A: permanent stasis, dig shafts and tunnels, antennae 3, four strong arms
a: Dig, Shaft Self


You were on level 4 of the Dungeon.
You visited 1 branch of the dungeon, and saw 4 of its levels.
You also visited: Sewer.

You collected 159 gold pieces.


Innate Abilities, Weirdness & Mutations

You cannot be hasted, slowed, berserked, paralysed or teleported.
You can dig through walls and to a lower floor.
You have a pair of large antennae on your head. (SInv)
Your four strong arms can wield two-handed weapons with a shield.


   Skills:
 - Level 3.2 Fighting
 + Level 7.5 Axes
 - Level 3.2 Armour
 - Level 4.0 Shields


You had 6 spell levels left.
You didn't know any spells.
Your spell library contained the following spells:

 Spells                   Type           Power      Damage    Failure   Level
 Ignite Poison            Fire/Tmut/Pois 0%         N/A       98%         3
 Sticky Flame             Conj/Fire      0%         2d3       100%        4
 Ignition                 Fire           0%         3d3       100%        8

Inventory:

Hand Weapons
 a - a +0 war axe
 f - a +0 hand axe of flaming (weapon)
   (You found it on level 1 of the Dungeon)
Armour
 b - a +0 scale mail (worn)
 c - a +1 buckler (worn)
Jewellery
 l - a +6 ring of strength (left hand)
   (You found it on level 3 of the Dungeon)
Wands
 m - a wand of polymorph (5)
   (You found it on level 2 of the Dungeon)
Scrolls
 j - 6 scrolls of identify
 k - a scroll of fear
Potions
 e - 2 potions of invisibility
 g - a potion of attraction
 h - 3 potions of curing
 i - a potion of lignification
 n - a potion of brilliance

Dungeon Overview and Level Annotations

Branches:
Dungeon (4/15) Zot: 21277   Sewer (visited)
 Temple: D:4-7

Altars:

Shops:
D:3

[
#......###..#
#.......
#....###
##.##
#.......
##.## #..#
##...... ##
##.# #...###
#.## ######
#####
#..###.....##
##.#........#
##
#..gg)(....#
###.
#..g@g......
###...
#....)......
##.....
#...........
#......
#............
#......
##...........
#......
#...........
#......
##..........
#......
###.#......
###.... ###..


You could see a gnoll bouda and 3 gnolls.


Message History

As you read the scroll of identify, it crumbles to dust.
n - a potion of brilliance An endoplasm is nearby!
An endoplasm is nearby!
You hit the endoplasm. You burn the endoplasm. The endoplasm barely misses you.
You hit the endoplasm. You burn the endoplasm.
You kill the endoplasm!
Unknown command.
No target in view!
Unknown command.
Key pressed, stopping explore.
Key pressed, stopping explore.
You sense a monster nearby.
You sense a monster nearby.
You sense a monster nearby.
No target in view!
No target in view!
No target in view!
An ufetubus, a gnoll bouda and 2 gnolls come into view.
The gnoll bouda shouts!
The gnoll shouts!
You hear a shout!
A gnoll comes into view. It is wielding a +0 flail.
A gnoll comes into view. It is wielding a +0 whip.
The gnoll bouda moves out of view.
A gnoll comes into view. It is wielding a +0 flail.
The gnoll shouts! x3
The gnoll completely misses you.
The gnoll hits you from afar with a +0 spear. 😕 HP[-1]
You take 1 damage, and now have 51/52 hp.
You closely miss the gnoll. You hit the ufetubus. You burn the ufetubus.
You hit the gnoll. You burn the gnoll. You barely miss the gnoll bouda.
The ufetubus hits you but does no damage. x2
You block the gnoll's attack. The gnoll hits you with a +0 whip.
You block the gnoll's attack.
The gnoll bouda gazes fiercely through you!
You feel your attacks grow feeble. 😕 HP[-4]
You take 4 damage, and now have 47/52 hp.
You closely miss the gnoll. You hit the ufetubus. You burn the ufetubus.
You barely miss the gnoll.
You hit the gnoll bouda but do no damage.
The ufetubus barely misses you. You block the ufetubus's attack.
The gnoll bouda barely misses you. The gnoll closely misses you.
The gnoll hits you from afar with a +0 spear.
The ufetubus closely misses you.
The ufetubus hits you but does no damage. 😕 HP[-3]
You take 3 damage, and now have 44/52 hp.
You hit the ufetubus. You burn the ufetubus.
You kill the ufetubus!
You hit the gnoll bouda but do no damage.
You closely miss the gnoll. You hit the gnoll. You burn the gnoll.
You hit the gnoll. You burn the gnoll. You block the gnoll's attack.
The gnoll hits you from afar with a +0 spear.
You block the gnoll's attack. The gnoll closely misses you.
The gnoll bouda barks out a call to the hunt!
The gnolls pick up the pace! 😕 HP[-4]
You take 4 damage, and now have 40/52 hp.
You hit the gnoll but do no damage. You hit the gnoll bouda.
You burn the gnoll bouda. You hit the gnoll but do no damage. x2
The gnoll hits you but does no damage. The gnoll hits you with a +0 whip.
The gnoll bouda hits you with a +0 whip! 😮 HP[-9]
You take 9 damage, and now have 31/52 hp.
Unknown command.
You are too injured to fight recklessly!
The gnoll attacks as you move away! The gnoll closely misses you.
Your attacks no longer feel as feeble.
The gnoll hits you with a +0 club. The gnoll hits you with a +0 flail.
* * * LOW HITPOINT WARNING * * *
The gnoll closely misses you. 😨 HP[-9]
You take 9 damage, and now have 22/52 hp.
You are too injured to fight recklessly!
Unknown command.
Unknown command.
You feel very mighty all of a sudden. The gnoll hits you but does no damage.
You block the gnoll's attack. The gnoll hits you with a +0 whip.
* * * LOW HITPOINT WARNING * * *
The gnoll hits you with a +0 flail.
* * * LOW HITPOINT WARNING * * *
The gnoll hits you with a +0 spear.
* * * LOW HITPOINT WARNING * * *
The gnoll bouda barely misses you. 😱 HP[-9]
You take 9 damage, and now have 13/52 hp.
Unknown command.
Unknown command.
You slash the gnoll! You burn the gnoll.
You kill the gnoll!
You slash the gnoll! You burn the gnoll. You barely miss the gnoll bouda.
You hit the gnoll. You burn the gnoll. You slash the gnoll! You burn the gnoll.
You slash the gnoll! You burn the gnoll.
You kill the gnoll!
The gnoll hits you with a +0 club.
* * * LOW HITPOINT WARNING * * *
The gnoll hits you with a +0 flail!
You die...

Skill      XL: |  1  2  3  4  5  6  7 |
---------------+----------------------+-----
Axes           | 3 4 6 7 |  7.5
Fighting       | |  3.2
Armour         | |  3.2
Shields        | |  4.0

Action                     |  1- 3 |  4- 6 |  7- 9 || total
---------------------------+-------+-------+-------++-------
  Melee: War axe           |    11 |       |       ||    11
         Hand axe          |    78 |    99 |    67 ||   244
Ability: Dig               |       |     1 |       ||     1
    Use: Scroll            |     3 |     8 |     3 ||    14
         Potion            |       |     2 |     1 ||     3
 Armour: Scale mail        |    29 |    31 |    17 ||    77
  Dodge: Dodged            |    21 |    36 |    20 ||    77
  Block: Buckler           |    29 |    27 |    16 ||    72

Levels and vault maps discovered:
D:1:      dpeg_arrival_orchard, layout_loops_ring,
          hellmonk_ecumenical_altar_lost_god, minmay_tromino_v2
D:2:      layout_loops_ring, hangedman_decor_riveting, kennysheep_generic_room_5
D:3:      layout_basic, serial_shops, shop, uniq_sigmund
D:4:      layout_cave_pods, gup_sewer_entry_spiral, kennysheep_generic_room_9

Notes
Turn   | Place    | Note
-------+----------+-------------------------------------------
     0 | D:1      | ytrimaz the Formicid Fighter began the quest for the Orb.
     0 | D:1      | Reached XP level 1. HP: 18/18 MP: 1/1
     0 | D:1      | magus.rc [v1.9.6]
     6 | D:1      | You add the spells Ignite Poison, Sticky Flame and Ignition
                  | to your library.
    38 | D:1      | HP: 2/18 [frozen (4)]
   114 | D:1      | Found a faded altar of an unknown god.
   128 | D:1      | Reached XP level 2. HP: 24/24 MP: 2/2
   235 | D:1      | Reached skill level 3 in Axes
   413 | D:1      | Reached XP level 3. HP: 24/29 MP: 3/3
  1151 | D:2      | Reached skill level 4 in Axes
  1151 | D:2      | Reached XP level 4. HP: 25/35 MP: 4/4
  1831 | D:3      | Found Onacam's Armour Shop.
  1905 | D:3      | Noticed Sigmund
  1914 | D:3      | HP: 5/35 [Sigmund/+0 scythe (8)]
  1918 | D:3      | Killed Sigmund
  1919 | D:3      | Reached skill level 6 in Axes
  1919 | D:3      | Reached XP level 5. HP: 18/41 MP: 5/5
  1919 | D:3      | Reached XP level 6. HP: 21/47 MP: 6/6
  2206 | D:4      | HP: 11/47 [orc wizard/magic dart (4)]
  2252 | D:4      | Found a glowing drain.
  2256 | Sewer    | Entered a sewer
  2267 | Sewer    | Reached XP level 7. HP: 20/51 MP: 7/7
  2273 | Sewer    | Reached skill level 7 in Axes
  3009 | D:4      | HP: 13/52 [gnoll/+0 spear[a gnoll bouda] (2)]
  3010 | D:4      | Slain by a gnoll

Vanquished Creatures
  Sigmund (D:3)
  An orc priest (D:4)
  An orc wizard (D:4)
  A hell rat (Sewer)
  7 adders
  6 gnolls (D:4)
  4 river rats (Sewer)
  An ufetubus (D:4)
  2 worms
  2 dart slugs (D:1)
  7 orcs
  A bat (D:1)
  8 endoplasms
  7 giant cockroaches
  10 hobgoblins
  4 kobolds
  3 quokkas
  8 ball pythons
  3 frilled lizards
  6 goblins
  9 rats
92 creatures vanquished.

Table legend:
 A = Non-vault XP
 B = Vault XP
 C = Vault XP percentage of total XP
 D = Non-vault monster count
 E = Vault monster count
 F = Vault count percentage of total count
                 A         B        C        D         E       F
            +---------+---------+-------+---------+---------+-------
      Total |     354 |     361 |  50.5 |      69 |      23 |  25.0
            +---------+---------+-------+---------+---------+-------
        D:1 |      40 |       0 |   0.0 |      23 |       0 |   0.0
        D:2 |      33 |       8 |  19.5 |      10 |       4 |  28.6
        D:3 |      45 |     231 |  83.7 |      13 |       1 |   7.1
        D:4 |     236 |      30 |  11.3 |      23 |       8 |  25.8
      Sewer |       0 |      92 | 100.0 |       0 |      10 | 100.0
            +---------+---------+-------+---------+---------+-------

Illustrated notes

Table legend:
 A = Kills in this place as a percentage of kills in the entire game.
 B = Kills by you in this place as a percentage of kills by you in the entire game.
 C = Kills by friends in this place as a percentage of kills by friends in the entire game.
 D = Other kills in this place as a percentage of other kills in the entire game.
 E = Experience gained in this place as a percentage of experience gained in the entire game.
 F = Experience gained in this place divided by the number of levels of this place that you have seen.
                   A       B       C       D       E      F
               +-------+-------+-------+-------+-------+----------------------
         Total | 100.0 | 100.0 |   N/A |   N/A | 100.0 | 143.0
       Dungeon |  89.1 |  89.1 |   N/A |   N/A |  87.1 | 155.8
         Sewer |  10.9 |  10.9 |   N/A |   N/A |  12.9 |  92.0
               +-------+-------+-------+-------+-------+----------------------

Table legend: (Time is in decaauts)
 A = Elapsed time spent in this place.
 B = Non-inter-level travel time spent in this place.
 C = Inter-level travel time spent in this place.
 D = Time resting spent in this place.
 E = Time spent auto-exploring this place.
 F = Levels seen in this place.
 G = Mean time per level.
                   A        B        C        D        E       F      G
               +--------+--------+--------+--------+--------+-----+--------+
         Total |   3055 |   2981 |     74 |    179 |   2168 |   5 |  611.0 |
       Dungeon |   2721 |   2647 |     74 |     63 |   2032 |   4 |  680.2 |
         Sewer |    334 |    334 |      0 |    116 |    136 |   1 |  334.0 |
               +--------+--------+--------+--------+--------+-----+--------+

Top non-repeatable levels by time:
     D:1: 812 daAuts
     D:2: 792 daAuts
     D:4: 627 daAuts
     D:3: 488 daAuts
   Sewer: 334 daAuts
